 Dungeon Crawl Stone Soup version 0.29.0-4-gdea44cf6ec (webtiles) character file.

Game seed: 17459754279053047166

6806 qw the Cleaver (level 10, -4/82 HPs)
             Began as a Demonspawn Cinder Acolyte on Sept 9, 2022.
             Was a Follower of Ignis.
             Succumbed to Amaemon's poison
             ... on level 9 of the Dungeon.
             The game lasted 00:03:16 (10421 turns).

qw the Cleaver (Demonspawn Cinder Acolyte)         Turns: 10421, Time: 00:03:16

Health: -4/82      AC: 25    Str: 28    XL:     10   Next: 77%
Magic:  5/11       EV:  7    Int: 22    God:    Ignis [*.....]
Gold:   371        SH:  9    Dex:  8    Spells: 11/11 levels left

rFire   + + .      SeeInvis +   Y - +0 war axe
rCold   + + .      Faith    .   r - +0 buckler
rNeg    . . .      Spirit   +   i - +4 plate armour
rPois   .          Reflect  +   o - +1 hat of Xom's Inspiration {rC+ Str+3 Int+6}
rElec   .          Harm     .   k - scarf {rC+ rF+}
rCorr   .          Rampage  .   (no gloves)
Will    .....                   (no boots)
Stlth   ..........              f - amulet of reflection
HPRegen 0.23/turn               g - ring of see invisible
MPRegen 0.24/turn               a - +6 ring of strength

@: lethally poisoned (-4 -> -63), about to teleport, fiery-armoured
A: antennae 2, yellow scales 1, spiny 1, magic shield, magic regeneration
a: Renounce Religion, Fiery Armour, Foxfire Swarm, Rising Flame


You were on level 9 of the Dungeon.
You worshipped Ignis.
Ignis was aware of your devotion.
You visited 1 branch of the dungeon, and saw 9 of its levels.

You collected 461 gold pieces.
You spent 90 gold pieces at shops.


Innate Abilities, Weirdness & Mutations

You have a pair of antennae on your head.
You are partially covered in yellow scales. (AC +2)
You are partially covered in sharp spines.
When hurt, damage is shared between your health and your magic reserves.
You regenerate magic rapidly.


   Skills:
 - Level 8.5 Fighting
 + Level 11.7 Axes
 - Level 1.3 Throwing
 - Level 4.2 Armour
 - Level 2.1 Dodging
 - Level 4.2 Shields
 - Level 1.0 Spellcasting
 - Level 2.6 Fire Magic


You had 11 spell levels left.
You didn't know any spells.
Your spell library contained the following spells:

 Spells                   Type           Power      Damage    Failure   Level
 Scorch                   Fire           24%        2d6       75%         2

Inventory:

Hand Weapons
 q - a +1 hand axe of flaming
 Y - a +0 war axe (weapon)
Missiles
 n - 6 boomerangs (quivered)
Armour
 i - a +4 plate armour (worn)
 k - a scarf of resistance (worn)
 o - the +1 hat of Xom's Inspiration (worn) {rC+ Str+3 Int+6}
   (You acquired it on level 7 of the Dungeon)

   Str:       It affects your strength (+3).
   Int:       It affects your intelligence (+6).
   rC:        It protects you from cold.
 r - a +0 buckler (worn)
Jewellery
 a - a +6 ring of strength (right hand)
 f - an amulet of reflection (around neck)
 g - a ring of see invisible (left hand)
Scrolls
 l - 2 scrolls of identify
 s - a scroll of teleportation
Potions
 b - a potion of mutation
 c - a potion of lignification {unknown}
 d - a potion of berserk rage {unknown}
 e - a potion of flight {unknown}
 h - a potion of invisibility {unknown}
 j - 2 potions of curing
 m - a potion of haste {unknown}
 p - a potion of brilliance {unknown}
 u - a potion of attraction {unknown}

Dungeon Overview and Level Annotations

Branches:
Dungeon (9/15)             Temple (0/1) D:7            Lair (0/5) D:9
    Orc: D:9-12

Altars:
Dithmenos
Hepliaklqana
Kikubaaqudgha
Okawaru
Trog
Uskayaw
Wu Jian
Xom

Shops:
D:7 *

Annotations:
D:5 1 runed translucent door, Crazy Yiuf
D:9 Amaemon


Message History

You slash Amaemon!
Amaemon is severely wounded.
You feel extremely sick. You block Amaemon's attack.
Amaemon claws you but does no damage.
Amaemon tail-slaps you but does no damage.
You block the orange demon's attack.
You barely miss Amaemon.
Amaemon is severely wounded.
You feel extremely sick.
Amaemon hits you with a -2 demon whip of venom.
You are lethally poisoned!
You block Amaemon's attack.
Amaemon tail-slaps you but does no damage.
You block the orange demon's attack.
10419 ||| INVOKING Fiery Armour.
A protective cloak of flame settles atop you.
You feel extremely sick. Amaemon is struck by your spines.
Amaemon hits you with a -2 demon whip of venom!
You are more poisoned.
Amaemon is burned by your cloak of flames.
Amaemon is severely wounded.
Amaemon completely misses you. You block Amaemon's attack.
You block the orange demon's attack.
You barely miss Amaemon.
Amaemon is severely wounded.
You feel extremely sick. You block Amaemon's attack.
Amaemon claws you but does no damage.
Amaemon is burned by your cloak of flames.
Amaemon is almost dead.
Amaemon tail-slaps you.
You are more poisoned.
Amaemon poisons you!
Amaemon is burned by your cloak of flames.
Amaemon is almost dead.
The orange demon stings you from afar.
10421 ||| READING 2 scrolls of teleportation.
As you read the scroll of teleportation, it crumbles to dust.
You feel strangely unstable.
You die...

#.........'..##
#.........####
###########
########################
#....46@................
..######################


You could see Amaemon and an orange demon (curare).

Vanquished Creatures
  A two-headed ogre (D:9)
  Joseph (D:8)
  Sigmund (D:5)
  A wyvern (D:9)
  16 yaks (D:9)
  Eustachio (D:4)
  A water moccasin (D:8)
  A sky beast (D:8)
  An ice beast (D:7)
  A black bear (D:4)
  4 ogres
  A centaur (D:7)
  4 bullfrogs
  4 scorpions (D:6)
  3 necrophages
  9 wights
  8 howler monkeys
  3 hounds
  4 orc priests
  2 gnoll boudas
  3 jellies
  6 iguanas
  5 orc wizards
  8 gnolls
  3 adders
  3 shadow imps
  A white imp (D:6)
  3 ufetubi
  2 worms (D:2)
  3 dart slugs
  19 orcs
  3 bats
  6 endoplasms
  2 giant cockroaches (D:4)
  8 hobgoblins
  3 jackals
  5 quokkas
  9 ball pythons
  6 frilled lizards
  3 goblins
  4 kobolds
  8 rats
180 creatures vanquished.

Vanquished Creatures (others)
  3 fungi (D:9)
  A plant (D:9)
4 creatures vanquished.

Grand Total: 184 creatures vanquished

Notes
Turn   | Place    | Note
-------+----------+-------------------------------------------
     0 | D:1      | qw the Demonspawn Cinder Acolyte began the quest for the
                  | Orb.
     0 | D:1      | Reached XP level 1. HP: 18/18 MP: 2/2
     0 | D:1      | 0 ||| qw: Version: 0.1-a-113-g051387a
     0 | D:1      | 0 ||| qw: Game counter: 6949
     0 | D:1      | 0 ||| qw: Always use a shield: true
     0 | D:1      | 0 ||| qw: God list: Okawaru
     0 | D:1      | 0 ||| qw: Allow faded altars: false
     0 | D:1      | 0 ||| qw: Do Orc after D:15 true
     0 | D:1      | 0 ||| qw: Do second Lair branch before Depths: true
     0 | D:1      | 0 ||| qw: Lair rune preference: random
     0 | D:1      | 0 ||| qw: Plans: Normal
     0 | D:1      | 0 ||| PLANNING D:1-11
   201 | D:1      | 201 ||| Stepping ~*~*~tactically~*~*~ (hiding).
   212 | D:1      | Reached skill level 3 in Axes
   292 | D:1      | 292 ||| INVOKING Fiery Armour.
   294 | D:1      | Gained mutation: You are partially covered in sharp spines.
                  | [demonic ancestry]
   294 | D:1      | Reached XP level 2. HP: 7/24 MP: 3/3
   574 | D:1      | 574 ||| Stepping ~*~*~tactically~*~*~ (stealth).
   591 | D:1      | 591 ||| Stepping ~*~*~tactically~*~*~ (stealth).
   595 | D:1      | 595 ||| Stepping ~*~*~tactically~*~*~ (stealth).
   603 | D:1      | 603 ||| Stepping ~*~*~tactically~*~*~ (stealth).
   606 | D:1      | 606 ||| Stepping ~*~*~tactically~*~*~ (stealth).
   607 | D:1      | 607 ||| Stepping ~*~*~tactically~*~*~ (stealth).
   689 | D:1      | 689 ||| INVOKING Fiery Armour.
   689 | D:1      | HP: 6/24 [quokka (1)]
   942 | D:1      | Found a faded altar of an unknown god.
  1341 | D:1      | 1341 ||| UPGRADING to amulet of the acrobat.
  1346 | D:1      | 1346 ||| READING scroll labelled ISEFE EFFOAF.
  1347 | D:1      | 1347 ||| READING 2 scrolls labelled YFOIDI MOSMU.
  1348 | D:1      | 1348 ||| READING scroll labelled JUOLAS ALIREK.
  1349 | D:1      | 1349 ||| READING scroll labelled WUASO WOFE.
  1350 | D:1      | 1350 ||| DROPPING scroll of fear.
  1419 | D:2      | 1419 ||| Stepping ~*~*~tactically~*~*~ (stealth).
  1436 | D:2      | Gained mutation: You regenerate magic rapidly. [demonic
                  | ancestry]
  1436 | D:2      | Reached XP level 3. HP: 26/29 MP: 4/4
  1488 | D:2      | Reached skill level 4 in Axes
  1559 | D:2      | 1559 ||| Stepping ~*~*~tactically~*~*~ (stealth).
  1702 | D:2      | Reached skill level 1 in Dodging
  1843 | D:2      | Noticed an ogre
  1850 | D:2      | Killed an ogre
  1851 | D:2      | Reached skill level 5 in Axes
  1851 | D:2      | Reached XP level 4. HP: 35/35 MP: 5/5
  1851 | D:2      | Gained mutation: You are partially covered in yellow
                  | scales. (AC +2) [demonic ancestry]
  1851 | D:2      | Reached XP level 5. HP: 41/41 MP: 6/6
  1933 | D:2      | 1933 ||| Stepping ~*~*~tactically~*~*~ (stealth).
  1935 | D:2      | 1935 ||| Stepping ~*~*~tactically~*~*~ (hiding).
  1953 | D:2      | 1953 ||| Stepping ~*~*~tactically~*~*~ (stealth).
  1961 | D:2      | 1961 ||| FLEEEEING.
  1962 | D:2      | 1962 ||| FLEEEEING.
  1963 | D:2      | 1963 ||| FLEEEEING.
  1964 | D:2      | 1964 ||| FLEEEEING.
  1969 | D:2      | 1969 ||| FLEEEEING.
  1970 | D:2      | 1970 ||| FLEEEEING.
  2170 | D:2      | 2170 ||| Stepping ~*~*~tactically~*~*~ (stealth).
  2332 | D:2      | 2332 ||| UPGRADING to +0 chain mail.
  2342 | D:2      | 2342 ||| DROPPING +0 robe.
  2343 | D:2      | 2343 ||| UPGRADING to +4 plate armour.
  2353 | D:2      | 2353 ||| DROPPING +0 chain mail.
  2354 | D:2      | 2354 ||| READING 2 scrolls labelled UMIONN PUCKISS.
  2355 | D:2      | 2355 ||| READING 2 scrolls labelled JIEREMNEGG.
  2356 | D:2      | 2356 ||| READING scroll of enchant weapon.
  2356 | D:2      | 2356 ||| ENCHANTING +0 hand axe of flaming.
  2357 | D:2      | 2357 ||| READING scroll labelled SIQEIK JOMON.
  2358 | D:2      | 2358 ||| DRINKING 3 smoky golden potions.
  2359 | D:2      | 2359 ||| DROPPING scroll of blinking.
  2482 | D:3      | Found a hide-covered altar of Uskayaw.
  2864 | D:3      | Reached skill level 1 in Armour
  3259 | D:3      | 3259 ||| READING scroll labelled BOLU QICAES.
  3260 | D:3      | 3260 ||| DRINKING 3 viscous orange potions.
  3520 | D:4      | Noticed Eustachio
  3529 | D:4      | 3529 ||| INVOKING Fiery Armour.
  3536 | D:4      | Killed Eustachio
  3537 | D:4      | Reached skill level 3 in Armour
  3537 | D:4      | Reached XP level 6. HP: 20/47 MP: 7/7
  3542 | D:4      | 3542 ||| Stepping ~*~*~tactically~*~*~ (stealth).
  3543 | D:4      | 3543 ||| Stepping ~*~*~tactically~*~*~ (stealth).
  3619 | D:4      | 3619 ||| FLEEEEING.
  3620 | D:4      | 3620 ||| FLEEEEING.
  3621 | D:4      | 3621 ||| FLEEEEING.
  3630 | D:4      | 3630 ||| FLEEEEING.
  3631 | D:4      | 3631 ||| FLEEEEING.
  3641 | D:4      | 3641 ||| FLEEEEING.
  3642 | D:4      | 3642 ||| FLEEEEING.
  3645 | D:4      | 3645 ||| FLEEEEING.
  3646 | D:4      | 3646 ||| STAIRDANCE
  3716 | D:3      | 3716 ||| UPGRADING to scarf of resistance.
  3721 | D:3      | 3721 ||| UPGRADING to amulet of reflection.
  3731 | D:3      | 3731 ||| DROPPING amulet of the acrobat.
  4049 | D:4      | 4049 ||| INVOKING Fiery Armour.
  4052 | D:4      | Reached skill level 6 in Axes
  4052 | D:4      | Gained mutation: You have a pair of small antennae on your
                  | head. [demonic ancestry]
  4052 | D:4      | Reached XP level 7. HP: 14/52 MP: 8/8
  4400 | D:4      | Found an iron altar of Okawaru.
  4530 | D:5      | Entered Level 5 of the Dungeon
  4532 | D:5      | 4532 ||| STAIRDANCE
  4561 | D:5      | 4561 ||| STAIRDANCE
  4566 | D:5      | 4566 ||| STAIRDANCE
  4611 | D:5      | 4611 ||| Stepping ~*~*~tactically~*~*~ (stealth).
  4612 | D:5      | 4612 ||| Stepping ~*~*~tactically~*~*~ (stealth).
  4623 | D:5      | HP: 10/53 [ogre/+0 giant club (20)]
  4624 | D:5      | 4624 ||| DRINKING 2 potions of heal wounds.
  4625 | D:5      | 4625 ||| INVOKING Fiery Armour.
  4828 | D:5      | Noticed Sigmund
  4838 | D:5      | Killed Sigmund
  4841 | D:5      | Reached skill level 7 in Axes
  4875 | D:5      | 4875 ||| FLEEEEING.
  4960 | D:5      | Gained mutation: You have a pair of antennae on your head.
                  | [demonic ancestry]
  4960 | D:5      | Reached XP level 8. HP: 56/61 MP: 9/9
  5081 | D:5      | 5081 ||| DRINKING 3 potions of curing.
  5081 | D:5      | 5081 ||| (to cure confusion)
  5085 | D:5      | Reached skill level 1 in Throwing
  5328 | D:5      | Found a runed translucent door.
  5329 | D:5      | Noticed Crazy Yiuf
  5376 | D:5      | 5376 ||| READING scroll labelled GUEGIA ED LUE.
  5395 | D:5      | 5395 ||| READING scroll labelled FEUCUIR WINO.
  5396 | D:5      | 5396 ||| DRINKING 2 pink potions.
  5397 | D:5      | 5397 ||| DROPPING potion of magic.
  5496 | D:6      | Reached skill level 8 in Axes
  5710 | D:6      | Found an ancient bone altar of Kikubaaqudgha.
  5949 | D:6      | Reached skill level 9 in Axes
  6122 | D:6      | Found a hazy altar of Hepliaklqana.
  6135 | D:6      | 6135 ||| Stepping ~*~*~tactically~*~*~ (hiding).
  6140 | D:6      | 6140 ||| INVOKING Fiery Armour.
  6285 | D:6      | 6285 ||| SWAPPING to +0 war axe.
  6511 | D:6      | 6511 ||| Stepping ~*~*~tactically~*~*~ (stealth).
  6513 | D:6      | 6513 ||| Stepping ~*~*~tactically~*~*~ (hiding).
  6517 | D:6      | 6517 ||| Stepping ~*~*~tactically~*~*~ (hiding).
  6527 | D:6      | 6527 ||| INVOKING Fiery Armour.
  6528 | D:6      | Reached skill level 6 in Fighting
  6529 | D:6      | Reached XP level 9. HP: 20/69 MP: 10/10
  6530 | D:6      | HP: 15/69 [gnoll/+0 halberd[a gnoll bouda] (5)]
  6531 | D:6      | 6531 ||| DRINKING potion of heal wounds.
  6780 | D:6      | 6780 ||| UPGRADING to ring of see invisible.
  6781 | D:6      | 6781 ||| READING 2 scrolls of identify.
  6781 | D:6      | 6781 ||| IDENTIFYING fuming ruby potion
  6835 | D:7      | Found a staircase to the Ecumenical Temple.
  6836 | D:7      | 6836 ||| Stepping ~*~*~tactically~*~*~ (stealth).
  6838 | D:7      | 6838 ||| Stepping ~*~*~tactically~*~*~ (hiding).
  6840 | D:7      | 6840 ||| Stepping ~*~*~tactically~*~*~ (hiding).
  6858 | D:7      | 6858 ||| Stepping ~*~*~tactically~*~*~ (stealth).
  6861 | D:7      | 6861 ||| Stepping ~*~*~tactically~*~*~ (stealth).
  6996 | D:7      | Found a bloodstained altar of Trog.
  7005 | D:7      | 7005 ||| Stepping ~*~*~tactically~*~*~ (stealth).
  7016 | D:7      | 7016 ||| Stepping ~*~*~tactically~*~*~ (stealth).
  7057 | D:7      | Found an ornate altar of the Wu Jian Council.
  7071 | D:7      | 7071 ||| Stepping ~*~*~tactically~*~*~ (hiding).
  7073 | D:7      | 7073 ||| Stepping ~*~*~tactically~*~*~ (hiding).
  7096 | D:7      | 7096 ||| Stepping ~*~*~tactically~*~*~ (hiding).
  7253 | D:7      | Found Eqia's General Store.
  7266 | D:7      | 7266 ||| BUYING +0 buckler (54 gold).
  7266 | D:7      | Bought a +0 buckler for 54 gold pieces
  7266 | D:7      | 7266 ||| BUYING scroll of teleportation (36 gold).
  7266 | D:7      | Bought a scroll of teleportation for 36 gold pieces
  7690 | D:7      | 7690 ||| UPGRADING to +0 buckler.
  7695 | D:7      | 7695 ||| UPGRADING to +6 ring of strength.
  7696 | D:7      | 7696 ||| READING scroll labelled CAHIAJ TIVVOI.
  7696 | D:7      | Identified a scroll of acquirement
  7696 | D:7      | 7696 ||| ACQUIRING +1 hat of Xom's Inspiration {rC+ Str+3
                  | Int+6}
  7696 | D:7      | Acquired the +1 hat of Xom's Inspiration {rC+ Str+3 Int+6}
  7698 | D:7      | 7698 ||| UPGRADING to +1 hat of Xom's Inspiration {rC+
                  | Str+3 Int+6}.
  7771 | D:8      | Found a shimmering altar of Xom.
  7937 | D:8      | Noticed Joseph
  7942 | D:8      | Reached skill level 1 in Shields
  8106 | D:8      | Found a shadowy altar of Dithmenos.
  8204 | D:8      | 8204 ||| Stepping ~*~*~tactically~*~*~ (hiding).
  8356 | D:8      | 8356 ||| FLEEEEING.
  8361 | D:8      | 8361 ||| FLEEEEING.
  8362 | D:8      | 8362 ||| FLEEEEING.
  8363 | D:8      | 8363 ||| FLEEEEING.
  8364 | D:8      | 8364 ||| FLEEEEING.
  8365 | D:8      | 8365 ||| FLEEEEING.
  8366 | D:8      | 8366 ||| FLEEEEING.
  8368 | D:8      | 8368 ||| FLEEEEING.
  8369 | D:8      | 8369 ||| FLEEEEING.
  8379 | D:8      | 8379 ||| FLEEEEING.
  8502 | D:8      | Reached skill level 3 in Shields
  8776 | D:8      | 8776 ||| INVOKING Fiery Armour.
  8782 | D:8      | Killed Joseph
  8783 | D:8      | Reached skill level 10 in Axes
  9079 | D:8      | 9079 ||| READING scroll labelled UHY COOGGATT.
  9120 | D:9      | 9120 ||| Stepping ~*~*~tactically~*~*~ (stealth).
  9123 | D:9      | 9123 ||| Stepping ~*~*~tactically~*~*~ (stealth).
  9126 | D:9      | 9126 ||| Stepping ~*~*~tactically~*~*~ (stealth).
  9137 | D:9      | 9137 ||| INVOKING Fiery Armour.
  9143 | D:9      | Gained mutation: When hurt, damage is shared between your
                  | health and your magic reserves. [demonic ancestry]
  9143 | D:9      | Reached XP level 10. HP: 35/79 MP: 11/11
  9440 | D:9      | Reached skill level 11 in Axes
  9457 | D:9      | Found a staircase to the Lair.
  9477 | D:9      | 9477 ||| Stepping ~*~*~tactically~*~*~ (stealth).
  9481 | D:9      | 9481 ||| Stepping ~*~*~tactically~*~*~ (stealth).
  9484 | D:9      | 9484 ||| Stepping ~*~*~tactically~*~*~ (stealth).
  9866 | D:9      | Noticed a two-headed ogre
  9878 | D:9      | 9878 ||| INVOKING Fiery Armour.
  9880 | D:9      | HP: 4/80 [two-headed ogre/+0 giant club (17)]
  9881 | D:9      | 9881 ||| READING 3 scrolls of teleportation.
  9882 | D:9      | 9882 ||| DRINKING potion of heal wounds.
  9882 | D:9      | Killed a two-headed ogre
 10111 | D:9      | 10111 ||| INVOKING Fiery Armour.
 10408 | D:9      | Noticed Amaemon
 10409 | D:9      | Noticed an orange demon
 10419 | D:9      | 10419 ||| INVOKING Fiery Armour.
 10420 | D:9      | HP: 11/82 [poisoned by Amaemon]
 10421 | D:9      | 10421 ||| READING 2 scrolls of teleportation.
 10421 | D:9      | Succumbed to Amaemon's poison

Levels and vault maps discovered:
D:1:      ncdulo_watergridlock, layout_loops_ring, ebering_ecumenical_altar_box,
          minmay_circled_x
D:2:      layout_basic
D:3:      layout_loops_corners, mainiacjoe_overflow_catwalk
D:4:      nicolae_cairo_tiling, layout_basic, mainiacjoe_overflow_chevrons,
          minmay_misc_feat_chi, uniq_eustachio
D:5:      layout_cave_pools, minmay_a_box_with_orc_wizards_in_it, uniq_sigmund,
          uniq_crazy_yiuf_cottage
D:6:      layout_gridville, nicolae_kikubaaqudgha_miasma_corner,
          mainiacjoe_overflow_alcove_2, nicolae_hepliaklqana_hazy_memory
D:7:      layout_basic, bloody_trog, lemuel_round_altar, temple_fountains,
          serial_shops, nicolae_shop_trees
D:8:      layout_loops_corners, zin_statuary,
          mainiacjoe_overflow_six_doors_small, nicolae_dithmenos_the_darkroom,
          uniq_joseph
D:9:      layout_roguey, nicolae_gozag_cash_rules_everything_around_me,
          dpeg_oklobed_lair, uniq_amaemon

Skill      XL: |  1  2  3  4  5  6  7  8  9 10 |
---------------+-------------------------------+-----
Axes           | 3 5 6 7 9 10 11 | 11.7
Dodging        | 1 2 |  2.1
Armour         | 3 4 |  4.2
Fighting       | 4 6 7 8 |  8.5
Throwing       | 1 |  1.3
Shields        | 3 4 |  4.2
Spellcasting   | |  1.0
Fire Magic     | |  2.6

Action                   |  1- 3 |  4- 6 |  7- 9 | 10-12 || total
-------------------------+-------+-------+-------+-------++-------
Melee: Hand axe          |    99 |    92 |   154 |       ||   345
       Punch             |       |     4 |     3 |       ||     7
       War axe           |       |       |   146 |   108 ||   254
Throw: Boomerang         |       |       |    42 |    10 ||    52
Invok: Fiery Armour      |     2 |     2 |     5 |     3 ||    12
  Use: Scroll            |     4 |     5 |     5 |     2 ||    16
       Potion            |       |     2 |     4 |     1 ||     7
Armor: Robe              |    17 |     3 |       |       ||    20
       Plate armour      |       |    28 |   154 |    35 ||   217
Dodge: Dodged            |    44 |    19 |    60 |    18 ||   141
Block: Other             |       |     4 |    57 |       ||    61
       Buckler           |       |       |    30 |    40 ||    70

Table legend:
 A = Non-vault XP
 B = Vault XP
 C = Vault XP percentage of total XP
 D = Non-vault monster count
 E = Vault monster count
 F = Vault count percentage of total count
                 A         B        C        D         E       F
            +---------+---------+-------+---------+---------+-------
      Total |    8701 |    1022 |  10.5 |     170 |      10 |   5.6
            +---------+---------+-------+---------+---------+-------
        D:1 |      28 |       5 |  15.2 |      17 |       4 |  19.0
        D:2 |     192 |       0 |   0.0 |      22 |       0 |   0.0
        D:3 |      46 |       0 |   0.0 |       6 |       0 |   0.0
        D:4 |     439 |     197 |  31.0 |      25 |       1 |   3.8
        D:5 |     374 |     327 |  46.6 |       8 |       4 |  33.3
        D:6 |    1239 |       0 |   0.0 |      33 |       0 |   0.0
        D:7 |     835 |       0 |   0.0 |      20 |       0 |   0.0
        D:8 |     572 |     493 |  46.3 |      12 |       1 |   7.7
        D:9 |    4976 |       0 |   0.0 |      27 |       0 |   0.0
            +---------+---------+-------+---------+---------+-------
